 Dungeon Crawl Stone Soup version 0.29-a0-371-g91724d5b39 (webtiles) character file.

Game seed: 1398150377345944381

66 Hubjo the Firebug (level 3, -15/21 HPs)
             Began as a Deep Elf Fire Elementalist on May 2, 2022.
             Was an Initiate of Yredelemnul.
             Killed from afar by Ijyb (36 damage)
             ... with a bolt of acid
             ... on level 3 of the Dungeon.
             The game lasted 00:02:36 (2534 turns).

Hubjo the Firebug (Deep Elf Fire Elementalist)      Turns: 2534, Time: 00:02:44

Health: -15/21     AC:  2    Str:  5    XL:     3   Next: 96%
Magic:  5/10       EV: 13    Int: 19    God:    Yredelemnul [......]
Gold:   58         SH:  0    Dex: 17    Spells: 8/9 levels left

rFire   . . .      SeeInvis .   d - +0 dagger
rCold   . . .      Faith    .   (no shield)
rNeg    . . .      Spirit   .   a - +0 robe
rPois   .          Reflect  .   (no helmet)
rElec   .          Harm     .   (no cloak)
rCorr   .          Rampage  .   (no gloves)
Will    .....                   (no boots)
Stlth   ++........              (no amulet)
HPRegen 0.07/turn               (no ring)
MPRegen 0.12/turn               (no ring)

@: very slightly contaminated
A: no striking features
a: Renounce Religion, Recall Undead Harvest


You were on level 3 of the Dungeon.
You worshipped Yredelemnul.
Yredelemnul was noncommittal.
You visited 1 branch of the dungeon, and saw 3 of its levels.

You collected 58 gold pieces.

Inventory:

Hand Weapons
 d - a +0 dagger (weapon)
Armour
 a - a +0 robe (worn)
Jewellery
 o - a ring of see invisible
Scrolls
 e - a scroll of torment {unknown}
 f - 2 scrolls of holy word
 g - a scroll of noise {unknown}
 h - 2 scrolls of silence {unknown}
 i - 3 scrolls of identify {unknown}
 j - 2 scrolls of vulnerability {unknown}
 m - a scroll of enchant weapon {unknown}
 n - a scroll of immolation {unknown}
Potions
 b - a potion of magic
 c - a potion of flight {unknown}
 k - a potion of curing {unknown}
 l - a potion of lignification {unknown}


   Skills:
 * Level 1.7 Fighting
 - Level 2.4 Dodging
 + Level 3.3 Stealth
 + Level 3.7 Spellcasting
 - Level 1.1 Conjurations
 + Level 3.8 Fire Magic


You had 8 spell levels left.
You knew the following spells:

 Your Spells              Type           Power      Damage    Failure   Level
a - Foxfire               Conj/Fire      48%        2x1d6     5%          1

Your spell library contained the following spells:

 Spells                   Type           Power      Damage    Failure   Level
 Scorch                   Fire           34%        2d7       4%          2
 Conjure Flame            Conj/Fire      12%        6-21      16%         3
 Inner Flame              Hex/Fire       10%        N/A       21%         3
 Flame Wave               Conj/Fire      12%        2d6       45%         4


Dungeon Overview and Level Annotations

Branches:
Dungeon (3/15)

Altars:
Yredelemnul

Annotations:
D:3 Ijyb


Message History

The foxfire hits the orc but does no damage.
The orc is almost dead.
The foxfire hits the orc.
You kill the orc!
A black mist starts to gather...
Your foxfire dissipates!
Your magical contamination has completely faded away.
Key pressed, stopping explore.
Magic restored.
Found a stone staircase leading down.
Items here: )) [[.
Found a spear.
You see here a +0 club.
Found a buckler.
o - a ring of see invisible You swap places.
You see here a +0 club.
Key pressed, stopping explore.
You see here a +0 spear.
Ijyb the Twisted Goblin comes into view.
She is wielding a +0 dagger and carrying a wand of acid (10).
You see here 5 gold pieces.
Ijyb is nearby!
Ijyb is nearby!
You conjure some foxfire!
You conjure some foxfire!
You miscast Foxfire.
You are very lightly contaminated with residual magic.
Nothing appears to happen.
The foxfire hits Ijyb.
Ijyb is lightly wounded.
Ijyb shouts!
Ijyb screams, "No!
No, no, no, no!"
You conjure some foxfire!
Your foxfire dissipates! x2
You conjure some foxfire!
Your foxfire dissipates!
Ijyb zaps a wand.
The bolt of acid hits your foxfire! The acid corrodes your foxfire!
The bolt of acid hits you!!!
Ouch! That really hurt!
You die...
Your body rises from the dead as a mindless zombie.

###### .....##### #....#
.....#...# #..§.#
.....#...# ##....#
.....#...# #.....#######
.....#...###............
............[...§.......
.....#...######§v§§v....
.....#...##§...§@§§..g..
#####....##.)..§§v§.....
#####.#####...§§........
.............ZZ.........
.####.....####...#####.#
.# #.....# #...# #
.#####)...## #.....
..Z........# #......
.Z.........# .....


You could see Ijyb (ally target) and 2 friendly orc zombies.

Vanquished Creatures
  2 adders (D:2)
  3 dart slugs
  2 orcs (D:3)
  An endoplasm (D:2)
  3 goblins
  7 jackals (D:1)
  2 kobolds
  A quokka (D:2)
  4 ball pythons
  2 bats
  2 frilled lizards (D:1)
29 creatures vanquished.

Vanquished Creatures (collateral kills)
  A worm (D:2)
  2 giant cockroaches (D:2)
  A quokka (D:2)
  A bat (D:1)
  A kobold (D:2)
  A rat (D:1)
  3 foxfires (D:1)
10 creatures vanquished.

Vanquished Creatures (others)
  An adder zombie (D:2)
  A bat zombie (D:2)
  A goblin zombie (D:3)
  A spectral endoplasm (D:2)
  156 foxfires
  21 plants (D:1)
181 creatures vanquished.

Grand Total: 220 creatures vanquished

Notes
Turn   | Place    | Note
-------+----------+-------------------------------------------
     0 | D:1      | Hubjo the Deep Elf Fire Elementalist began the quest for
                  | the Orb.
     0 | D:1      | Reached XP level 1. HP: 10/10 MP: 6/6
   198 | D:1      | Reached XP level 2. HP: 16/16 MP: 2/8
   618 | D:1      | Reached skill level 1 in Fighting
   782 | D:1      | Found a faded altar of an unknown god.
   948 | D:1      | Prayed at the altar of an unknown god.
   948 | D:1      | Became a worshipper of Yredelemnul the Dark
   948 | D:1      | Reached * piety under Yredelemnul
  1225 | D:2      | Reached XP level 3. HP: 10/20 MP: 0/9
  2529 | D:3      | Noticed Ijyb
  2534 | D:3      | Killed from afar by Ijyb

Illustrated notes

Levels and vault maps discovered:
D:1:      amcnicky_arrival_blooded_trapdoor, layout_loops_ring,
          hellmonk_ecumenical_altar_inner_sanctum, serial_bayou_lake_a
D:2:      layout_loops_ring
D:3:      layout_basic, nemelex_altar_shiori, kennysheep_generic_room_5,
          uniq_ijyb

Skill      XL: |  1  2 |
---------------+-------+-----
Fighting       | 1 |  1.7
Stealth        | 3 |  3.3
Dodging        | |  2.4
Spellcasting   | |  3.7
Conjurations   | |  1.1
Fire Magic     | |  3.8

Action                   || total
-------------------------++-------
Melee: Dagger            ||     2
 Cast: Foxfire           ||   109
  Use: Scroll            ||     1
 Stab: Sleeping          ||     1
Armor: Robe              ||     1
Dodge: Dodged            ||     1

Table legend: (Time is in decaauts)
 A = Elapsed time spent in this place.
 B = Non-inter-level travel time spent in this place.
 C = Inter-level travel time spent in this place.
 D = Time resting spent in this place.
 E = Time spent auto-exploring this place.
 F = Levels seen in this place.
 G = Mean time per level.
                   A        B        C        D        E       F      G
               +--------+--------+--------+--------+--------+-----+--------+
         Total |   2561 |   2486 |     75 |      0 |   2199 |   3 |  853.7 |
       Dungeon |   2561 |   2486 |     75 |      0 |   2199 |   3 |  853.7 |
               +--------+--------+--------+--------+--------+-----+--------+

Top non-repeatable levels by time:
     D:1: 1234 daAuts
     D:2: 1099 daAuts
     D:3: 226 daAuts
